 Dungeon Crawl Stone Soup version 0.17-a0-1920-gafa4d75 (webtiles) character file.

266 4thArraOfDagon the Ruffian (level 6, -2/61 HPs)
             Began as a Troll Monk on Sept 27, 2015.
             Slain by a gnoll sergeant
             ... wielding a +2 spear of venom
              (4 damage)
             ... on level 5 of the Dungeon.
             The game lasted 00:02:41 (569 turns).

4thArraOfDagon the Ruffian (Troll Monk)              Turns: 569, Time: 00:02:42

Health: -2/61      AC:  7    Str: 20    XL:     6   Next: 0%
Magic:  5/5        EV: 11    Int:  8    God:
Gold:   23         SH:  0    Dex: 12    Spells: 0 memorised, 5 levels left

rFire  + . .     SeeInvis .       - Unarmed
rCold  . . .     Clarity  .     d - +2 robe {rF+}
rNeg   . . .     SustAt   .     (no shield)
rPois  .         Gourm    +     (helmet restricted)
rElec  .         Spirit   .     (no cloak)
rCorr  .         Warding  .     (gloves unavailable)
rMut   .         Stasis   .     (boots unavailable)
MR     .....                    (no amulet)
Stlth  +.........               (no ring)
                                (no ring)

@: lethally poisoned (-2 -> -34), not resistant to hostile enchantments, very
unstealthy
A: unfitting armour, claws 3, fast metabolism 3, gourmand, mutation resistance
1, regeneration 2, shaggy fur 1, tough skin 2
a: no special abilities


You were on level 5 of the Dungeon.
You were not hungry.

You visited 1 branch of the dungeon, and saw 5 of its levels.

You collected 23 gold pieces.

Inventory:

Armour
 d - a +2 robe of fire resistance (worn)
Magical devices
 c - a wand of frost (0)
Scrolls
 e - a scroll of immolation {unknown}
Potions
 g - a potion of magic
 h - a potion of berserk rage {unknown}
Comestibles
 a - a meat ration
 b - 3 bread rations


   Skills:
 + Level 3.5 Fighting
 + Level 3.4 Dodging
 - Level 1.1 Stealth
 * Level 5.8 Unarmed Combat


You had 5 spell levels left.
You didn't know any spells.

Dungeon Overview and Level Annotations

Branches:
Dungeon (5/15)
 Temple: D:4-7

Altars:
Makhleb
Vehumet


Innate Abilities, Weirdness & Mutations

You are too large for most types of armour.
You have claws for hands.
Your metabolism is lightning-fast.
You like to eat raw meat.
You heal very quickly.
You are covered in fur (AC +1).
You have very tough skin (AC +2).
You are somewhat resistant to further mutation.


Message History

You feel very sick. The gnoll sergeant closely misses you.
Unknown command.
Unknown command.
You barely miss the gnoll sergeant.
The gnoll sergeant is almost dead.
* * * LOW HITPOINT WARNING * * *
You feel very sick.
The gnoll sergeant hits you with a spear of venom.
* * * LOW HITPOINT WARNING * * *
You are more poisoned.
Unknown command.
Unknown command.
Unknown command.
Drink which item? (? for menu, Esc to quit)
It was a potion of magic.
Magic courses through your body.
* * * LOW HITPOINT WARNING * * *
You feel very sick.
The gnoll sergeant hits you with a spear of venom.
You die...

.####.####...###
...............
###.#.####...#
#.#..# #...#
#.###.####...# # .#
##....(..#.# #
#.#........#
#.##.....#########
#.#...........@ggg#
#.#.#.....#.#####.#
#.....#.#....# .#
#...(......#..# g#
#.......>....g# .#
..(...>..#.#.# .#
...#...#.#.# .#
###(.. lg .# #...
...


You could see a gnoll sergeant and 2 gnolls.

Vanquished Creatures
  An ice beast (D:3)
  A water moccasin zombie (D:3)
  Jessica (D:2)
  A gnoll (D:5)
  6 adders
  A shadow imp (D:5)
  An adder skeleton (D:5)
  2 giant geckos
  An orc (D:3)
  2 giant cockroaches (D:3)
  3 goblins
  4 hobgoblins
  2 kobolds
  2 bats
  A giant newt (D:2)
  2 rats (D:3)
31 creatures vanquished.

Notes
Turn   | Place    | Note
--------------------------------------------------------------
     0 | D:1      | 4thArraOfDagon the Troll Monk began the quest for the Orb.
     0 | D:1      | Reached XP level 1. HP: 22/22 MP: 0/0
    73 | D:2      | Found a burning altar of Makhleb.
    73 | D:2      | Noticed an Executioner
   101 | D:2      | Noticed Jessica
   114 | D:2      | Reached XP level 2. HP: 25/29 MP: 1/1
   118 | D:2      | Gained mutation: You are somewhat resistant to further mutation. [potion of beneficial mutation]
   121 | D:2      | Killed Jessica
   121 | D:2      | Reached XP level 3. HP: 6/36 MP: 2/2
   161 | D:2      | Found a radiant altar of Vehumet.
   240 | D:3      | Reached XP level 4. HP: 40/44 MP: 3/3
   276 | D:3      | Reached skill level 5 in Unarmed Combat
   295 | D:3      | Noticed an ice beast
   301 | D:3      | Killed an ice beast
   301 | D:3      | Reached XP level 5. HP: 53/53 MP: 4/4
   521 | D:5      | Entered Level 5 of the Dungeon
   556 | D:5      | Reached XP level 6. HP: 48/61 MP: 5/5
   569 | D:5      | HP: 2/61 [poisoned by a gnoll sergeant]
   569 | D:5      | Slain by a gnoll sergeant

Vault maps used:
D:1:      minmay_arrival_up_and_down, minmay_crystal_room
D:2:      nicolae_overflow_crystal_walls, makhleb_altar_promises_db,
          first_bread, uniq_jessica
D:3:      lemuel_crystal_altar, xom_butterflies
D:4:      lemuel_crystal_altar
D:5:      minmay_temple_entry_statues_pillars

Action                   |  1- 3 |  4- 6 || total
-------------------------+-------+-------++-------
Melee: Unarmed           |    36 |    62 ||    98
Evoke: Wand              |     3 |       ||     3
  Use: Potion            |     2 |     2 ||     4
 Stab: Sleeping          |     1 |     1 ||     2
  Eat: Chunk             |     4 |       ||     4
